Description

Hurricane solar, might catch some Zergs off guard

VOD

https://youtu.be/hACbboaRgeY?t=163

Build Order

Why is there no SALT encoding or Overwolf build?

  14    Pylon  
  16    Gateway  
  16    Assimilator  when done 2 in gas
  20    Nexus  Cut probes to nexus core
  20    Cybernetics Core  Just send the probe into gas
  21    Assimilator  
  22    Pylon  
  24  2:12  Sentry (Chrono Boost)  
  26  2:16  Warp Gate  
  27  2:33  Stalker  
    2:44  Forge  Seams like he wanted it in wall at first, just redid cuz OV was running away.
    3:00  Gateway  
  37  3:05  Sentry  
    3:21  Protoss Ground Weapons Level 1 (Chrono Boost)  
    3:22  Action  Send Hallu to scout
    3:35  Gateway, Robotics Facility  
    3:46  Assimilator  Take the one closest to zerg vision
    3:57  Gateway x4  
    4:20  Pylon x3  You build a good amount of pylons cuz you will warp in alot soon, Hallu warp prism also to fake you got a earlier one
    4:30  Warp Prism  
    4:35  Zealot, Sentry x3  In wall
    5:00  Action  +1 Done soon(10 sec), move out with prism, make stalkers hurricane had 10 at 5:23
    5:25  Action  Hallu zealots reinfoce with zealots Go for the nat FF the main ramp
Spawning Tool Build Advisor. Get it on Overwolf

Analysis

I have not seen this build before so I don't know much about it. Probbly good, time will show :P

Go to:

Details

  • Created by: Hindrance
  • Published on: May 02, 2019
  • Modified on: May 02, 2019
  • Patch: 4.7.1
Show

Export as new Build Order

Comments (0)

There are no comments. Be the first!

Create an account to comment!